 Dungeon Sprint DCSS version 0.30.1-11-g7821555f0a (webtiles) character file.

Game seed: 3968531084674922518

2600000 Groucho the Ninja (level 16, -10/69 HPs)
             Began as a Spriggan Warper on Nov 8, 2023.
             Was an Elder of Makhleb.
             Mangled by a meat berserker
             ... wielding a +9 battleaxe
              (64 damage)
             ... in the Dungeon (Sprint VIII: "Arena of Blood").
             The game lasted 00:01:08 (26 turns).

Groucho the Ninja (Spriggan Warper)                   Turns: 26, Time: 00:01:08

Health: -10/69     AC:  2    Str:  7    XL:     16   Next: 34%
Magic:  8/47       EV: 39    Int: 19    God:    Makhleb [****..]
Gold:   0          SH:  0    Dex: 18    Spells: 67/67 levels left

rFire   . . .        j - +∞ Axe of Woe
rCold   . . .        (shield currently unavailable)
rNeg    . . .        b - +0 robe
rPois   .            (helmet restricted)
rElec   .            (no cloak)
rCorr   .            (gloves unavailable)
SInv    +            (boots unavailable)
Will    ++...        (no amulet)
Stlth   ++++++++++   (no ring)
HPRegen 0.31/turn    (no ring)
MPRegen 0.30/turn

%: no teleportation
@: very quick
A: very small, no large weapons, unfitting armour, see invisible, speed 3
a: Renounce Religion, Minor Destruction, Lesser Servant of Makhleb, Major
Destruction


You were in the Dungeon.
You worshipped Makhleb.
Makhleb was greatly pleased with you.
You visited 1 branch

Inventory:

Hand Weapons
 a - a +0 hand axe
 j - the +∞ Axe of Woe (weapon)
   (You found it in the Dungeon)
Missiles
 d - 7 boomerangs of dispersal (quivered)
Armour
 b - a +0 robe (worn)
Jewellery
 k - a +30 ring of slaying
Scrolls
 c - a scroll of blinking
Potions
 e - a potion of curing
 f - a potion of heal wounds
 g - a potion of haste
 h - 2 potions of magic
 i - a potion of berserk rage


   Skills:
 - Level 1.5 Fighting
 * Level 26.4 Axes
 - Level 1.0 Throwing
 O Level 27 Dodging
 O Level 27 Stealth
 + Level 26.4 Spellcasting
 O Level 27 Translocations


You had 67 spell levels left.
You didn't know any spells.
Your spell library contained the following spells:

 Spells                   Type           Power      Damage    Failure   Level
 Blink                    Tloc           100%       N/A       0%          2
 Lesser Beckoning         Tloc           100%       N/A       0%          2
 Teleport Other           Tloc           91%        N/A       0%          3
 Vhi's Electric Charge    Tloc/Air       100%       N/A       0%          3
 Manifold Assault         Tloc           91%        N/A       0%          4


Dungeon Overview and Level Annotations

Branches:
Dungeon (1/1)

Altars:
Makhleb


Innate Abilities, Weirdness & Mutations

You are very small and have problems with some larger weapons.
You are too small for most types of armour.
You have supernaturally acute eyesight. (SInv)
You cover ground extremely quickly. (Speed+++)


Message History

The large bag of meat explodes!
The fiery explosion engulfs you!
You hear a shout! x3
Your Axes skill gained 2 levels and is now at level 26!
You have mastered Dodging!
Your Spellcasting skill gained 2 levels and is now at level 26!
Unknown command.
Unknown command.
The destroyer appears out of thin air!
A destroyer comes into view. It is wielding a +9 heavy great sword.
You hear a shout! x3
A bag of meat comes into view. It is wielding a +9 war axe.
There is a staircase leading out of the dungeon, spattered with blood here.
Items here: )) == ††.
Unknown command.
Unknown command.
Blink to where?
Press: ? - help, Dir - move target 7 bags of meat and a meat berserker come into view.
As you read the scroll of blinking, it crumbles to dust.
You hear a shout! x11
A bag of meat comes into view. It is wielding a +9 war axe.
A large bag of meat comes into view. It is wielding a +9 giant spiked club.
You hear a shout!
The bag of meat moves out of view.
You hear a shout!
The bag of meat shouts!
You hear a shout!
Memorise Manifold Assault, consuming 4 spell levels and leaving 63?
The bag of meat shouts!
You hear a shout! x8; The bag of meat shouts!
You hear a shout!
The bag of meat shouts!
You start memorising the spell.
You continue memorising.
The bag of meat shouts! x2; You hear a shout! x11
The large bag of meat shouts in stereo!
You hear a shout!
You continue memorising.
You hear a shout! x5
The meat berserker completely misses you.
You hear a shout! x4
The meat berserker hits you with a +9 battleaxe!!!
Your memorisation is interrupted.
Ouch! That really hurt!
You die...

.o.oo....o#.#.
oO..oo.......
..ooo.......
..ooo......
o..........
..o......
#O......#
#@O.o...# .
.###....o..###..
.....O###......
......o§°§O.o..
...#.))§§#
....#_)<._#
...o.#..)..#
#........_....V
......###......


You could see a large bag of meat (inner flame), 3 meat berserkers and 19 bags
of meat.

Vanquished Creatures
  4 ogres (D)
  A two-headed ogre (D)
  8 orcs (D)
13 creatures vanquished.

Notes
Turn   | Place    | Note
-------+----------+-------------------------------------------
     0 | D        | Found the +∞ Axe of Woe
     0 | D        | Groucho the Spriggan Warper began the quest for the Orb.
     0 | D        | Reached XP level 1. HP: 10/10 MP: 5/5
     2 | D        | Noticed a bag of meat
     2 | D        | Noticed a bag of meat
     4 | D        | Became a worshipper of Makhleb the Destroyer
     4 | D        | Noticed a bag of meat
     5 | D        | Noticed a bag of meat
     6 | D        | Noticed a bag of meat
     7 | D        | Noticed a bag of meat
     8 | D        | Noticed a bag of meat
     9 | D        | Killed a bag of meat
     9 | D        | Noticed a meat berserker
    10 | D        | Reached XP level 2. HP: 14/14 MP: 5/16
    10 | D        | Reached XP level 3. HP: 18/18 MP: 5/17
    10 | D        | Reached XP level 4. HP: 22/22 MP: 5/19
    10 | D        | Reached XP level 5. HP: 25/25 MP: 5/20
    10 | D        | Reached XP level 6. HP: 30/30 MP: 5/22
    10 | D        | Reached XP level 7. HP: 33/33 MP: 5/23
    10 | D        | Reached XP level 8. HP: 37/37 MP: 5/25
    10 | D        | Reached XP level 9. HP: 41/41 MP: 5/26
    10 | D        | Reached XP level 10. HP: 46/46 MP: 5/27
    10 | D        | Noticed a meat berserker
    10 | D        | Killed a bag of meat
    10 | D        | Reached * piety under Makhleb
    10 | D        | Killed a bag of meat
    11 | D        | Reached skill level 15 in Axes
    11 | D        | Reached skill level 15 in Spellcasting
    11 | D        | Reached XP level 11. HP: 49/49 MP: 5/31
    11 | D        | Reached XP level 12. HP: 53/53 MP: 5/32
    11 | D        | Killed a bag of meat
    11 | D        | Noticed a meat berserker
    11 | D        | Noticed a bag of meat
    12 | D        | Reached skill level 27 in Stealth
    12 | D        | Reached XP level 13. HP: 57/57 MP: 5/34
    12 | D        | Killed a bag of meat
    12 | D        | Reached ** piety under Makhleb
    13 | D        | Killed a meat berserker
    13 | D        | Killed a bag of meat
    14 | D        | Reached XP level 14. HP: 48/61 MP: 5/38
    14 | D        | Killed a meat berserker
    14 | D        | Reached *** piety under Makhleb
    15 | D        | Killed a bag of meat
    16 | D        | Reached XP level 15. HP: 65/65 MP: 6/41
    16 | D        | Noticed a meat berserker
    16 | D        | Noticed a meat berserker
    18 | D        | Killed a meat berserker
    19 | D        | Noticed a meat berserker
    19 | D        | Killed a meat berserker
    19 | D        | Reached **** piety under Makhleb
    20 | D        | Reached skill level 27 in Translocations
    21 | D        | Reached XP level 16. HP: 69/69 MP: 7/45
    21 | D        | Noticed a large bag of meat
    21 | D        | Killed a large bag of meat
    22 | D        | Reached skill level 27 in Dodging
    23 | D        | Noticed a destroyer
    23 | D        | Noticed a meat berserker
    23 | D        | Noticed a large bag of meat
    26 | D        | Mangled by a meat berserker

Illustrated notes

Levels and vault maps discovered:
D:        meatsprint

Skill      XL: |  1  2  3  4  5  6  7  8  9 10 11 12 13 14 15 16 |
---------------+-------------------------------------------------+-----
Axes           | 12 15 16 19 21 24 26 | 26.4
Dodging        | 13 16 17 21 23 26 27 | 27.0
Stealth        | 21 25 27 | 27.0
Spellcasting   | 12 15 16 19 21 24 26 | 26.4
Translocations | 14 18 19 23 25 27 | 27.0
Fighting       | |  1.5
Throwing       | |  1.0

Action                     |  1- 3 |  4- 6 |  7- 9 | 10-12 | 13-15 | 16-18 || total
---------------------------+-------+-------+-------+-------+-------+-------++-------
  Melee: Broad axe         |     1 |       |       |     2 |     7 |     1 ||    11
    Use: Scroll            |       |       |       |       |       |     1 ||     1
   Stab: Distracted        |       |       |       |       |       |     1 ||     1
  Dodge: Dodged            |       |       |       |       |       |     1 ||     1
